Nashville Predators vs Washington Capitals
Created - Monday, May 12, 2025 at 09:19
Goals
|
| Nashville Predators |
2 |
2 |
3 |
7 |
| Washington Capitals |
2 |
3 |
0 |
5 |
|
Shots
|
| Nashville Predators |
10 |
10 |
15 |
35 |
| Washington Capitals |
14 |
8 |
17 |
39 |
|
1st period
1. Washington Capitals , Nico Hischier 37 (Alex Ovechkin 28, Jason Robertson 43) at 5:53 (PP)
2. Washington Capitals , Drake Batherson 29 (John Carlson 20) at 6:24 (PP)
3. Nashville Predators , Alexander Wennberg 14 (Anthony Duclair 32) at 13:45 (PP)
4. Nashville Predators , Pius Suter 12 (Brandon Montour 26) at 16:31
Penalties :
Simon Benoit (NSH) for Hooking (Minor) at 3:05, James van Riemsdyk (NSH) for Roughing (Minor) at 5:44, Ryan Hartman (NSH) for Roughing (Double Minor) at 6:08, Brad Marchand (WSH) for Interference (Minor) at 12:45, Drake Batherson (WSH) for Slashing (Minor) at 16:55
2nd period
5. Washington Capitals , Jason Robertson 20 (Alex Ovechkin 29, Nico Hischier 50) at 8:21
6. Washington Capitals , Yegor Chinakhov 9 (Alex Ovechkin 30) at 9:09
7. Nashville Predators , Anthony Duclair 25 (Alexander Wennberg 27, Artem Zub 18) at 16:41 (PP)
8. Washington Capitals , Jamie Oleksiak 6 (Jason Robertson 44, Nico Hischier 51) at 17:32
9. Nashville Predators , Pius Suter 13 (Christian Dvorak 10, Artem Zub 19) at 18:10
Penalties :
Brad Marchand (WSH) for High sticking (Minor) at 9:59, Nico Hischier (WSH) for High sticking (Minor) at 16:00
3rd period
10. Nashville Predators , Sidney Crosby 35 (Ryan Hartman 25, Alexander Wennberg 28) at 0:14
11. Nashville Predators , Alexander Wennberg 15 (Sidney Crosby 38, Ryan Hartman 26) at 0:38
12. Nashville Predators , Dmitri Voronkov 11 (Alexander Wennberg 29, Anthony Duclair 33) at 19:52 (PP)
Penalties :
John Carlson (WSH) for Roughing (Minor) at 0:41, Ben Chiarot (NSH) for Hooking (Minor) at 4:58, Ian Cole (WSH) for Tripping (Minor) at 8:27, Jason Robertson (WSH) for Tripping (Minor) at 11:45, Alex Ovechkin (WSH) for Slashing (Minor) at 18:20
Goalie Stats
Thatcher Demko (NSH), 34 saves from 39 shots - (0.872), W, 32-22-4, 60:00 minutes
Jake Oettinger (WSH), 28 saves from 35 shots - (0.800), L, 34-14-2, 60:00 minutes
Players Stats for Nashville Predators
Player Name G A P +/- PIM S H SB GA TA FO MP PP MP PK MP
------------------------------------------------------------------------------------
Alexander Wennberg 2 3 5 0 0 5 0 1 1 0 4/8 23:46 6:51 3:51
Anthony Duclair 1 2 3 0 0 3 0 0 1 0 0/2 16:39 6:51 0:00
Artem Zub 0 2 2 0 0 1 2 3 0 4 0/0 28:25 7:32 3:51
Ben Chiarot 0 0 0 1 2 0 2 0 0 0 0/0 9:49 0:00 0:41
Brandon Montour 0 1 1 0 0 3 1 0 0 0 0/0 22:22 5:36 0:00
Christian Dvorak 0 1 1 2 0 2 0 0 1 0 5/13 12:33 0:00 1:14
Dante Fabbro 0 0 0 0 0 1 4 2 0 0 0/0 24:56 7:32 2:41
Dmitri Voronkov 1 0 1 -1 0 1 1 0 0 0 1/4 13:21 6:51 0:00
Jake Neighbours 0 0 0 2 0 6 2 0 1 0 0/1 16:36 6:16 0:00
James van Riemsdyk 0 0 0 0 2 2 0 0 0 0 0/4 11:11 0:00 1:17
Kailer Yamamoto 0 0 0 -1 0 0 0 0 0 0 0/0 6:06 0:00 0:00
Kirby Dach 0 0 0 -1 0 1 0 0 0 0 0/0 6:24 0:01 0:00
Pius Suter 2 0 2 2 0 4 0 0 2 1 0/2 19:40 6:16 2:12
Rasmus Andersson 0 0 0 1 0 1 0 1 0 1 0/0 18:21 5:36 2:31
Ryan Hartman 0 2 2 0 4 1 2 0 2 0 1/2 13:39 0:00 0:00
Sidney Crosby 1 1 2 0 0 2 2 1 1 1 16/38 23:13 6:17 4:10
Simon Benoit 0 0 0 0 2 2 1 1 0 2 0/0 16:28 0:00 3:00
Thomas Novak 0 0 0 0 0 0 0 0 0 0 0/7 10:05 0:01 0:00
Players Stats for Washington Capitals
Player Name G A P +/- PIM S H SB GA TA FO MP PP MP PK MP
------------------------------------------------------------------------------------
Alex Ovechkin 0 3 3 1 2 4 3 0 3 1 0/0 15:03 2:57 0:00
Brad Marchand 0 0 0 -3 4 1 1 0 1 0 1/1 15:18 3:25 0:00
Derek Forbort 0 0 0 -2 0 1 1 0 0 1 0/0 19:36 0:00 6:20
Drake Batherson 1 0 1 -3 2 5 1 0 0 0 2/2 15:20 3:24 0:00
Fabian Zetterlund 0 0 0 1 0 2 3 0 0 0 1/1 6:30 0:00 0:00
Ian Cole 0 0 0 0 2 1 1 0 0 1 0/0 17:02 0:00 5:51
Jamie Oleksiak 1 0 1 1 0 3 1 0 0 2 0/0 26:50 2:44 6:47
Jason Robertson 1 2 3 1 2 5 0 1 1 0 0/1 20:26 2:57 5:23
John Carlson 0 1 1 -1 2 1 2 0 0 0 0/0 16:04 3:38 0:00
Jordan Kyrou 0 0 0 0 0 3 0 0 2 0 4/8 15:51 3:24 1:15
Michael McLeod 0 0 0 1 0 1 0 0 0 0 4/8 13:11 0:00 6:30
Mikael Backlund 0 0 0 -3 0 0 2 0 0 0 17/25 16:52 0:00 6:29
Nick Foligno 0 0 0 0 0 1 5 0 0 0 9/10 16:42 0:01 6:37
Nick Jensen 0 0 0 0 0 0 2 0 0 3 0/0 21:00 3:38 6:48
Nico Hischier 1 2 3 1 2 4 1 0 1 0 16/25 15:03 2:57 0:00
Owen Tippett 0 0 0 0 0 3 0 0 1 0 0/0 9:54 0:01 0:00
Thomas Harley 0 0 0 0 0 1 1 2 0 0 0/0 19:29 2:44 0:30
Yegor Chinakhov 1 0 1 1 0 3 0 0 0 1 0/0 6:33 0:00 0:02
3 Stars
1 - Alexander Wennberg (NSH)
2 - Pius Suter (NSH)
3 - Anthony Duclair (NSH)
Power Play
Nashville Predators - 3 on 8 Attempt(s) - 37.50%
Washington Capitals - 2 on 5 Attempt(s) - 40.00%
Penalty Kill
Nashville Predators - 3 on 5 Attempt(s) - 60.00%
- Score 0 goal in Penalty Kill
Washington Capitals - 5 on 8 Attempt(s) - 62.50%
- Score 0 goal in Penalty Kill
Team Stat
Nashville Predators - Hits : 17 - Faceoff Wins : 27 - Blocked Shots : 9 - Penalty Minutes : 10
Washington Capitals - Hits : 24 - Faceoff Wins : 54 - Blocked Shots : 3 - Penalty Minutes : 16
Official
Referees : Chris Lee and Francis Charron
Linesman : Mark Shewchyk and Ryan Galloway
Game Notes
No Game Note
Finance
Level 1 -- Attendance: 6000 (100.00%) -- Ticket Income $570,000
Level 2 -- Attendance: 5000 (100.00%) -- Ticket Income $275,000
Level 3 -- Attendance: 3000 (100.00%) -- Ticket Income $99,000
Level 4 -- Attendance: 5000 (100.00%) -- Ticket Income $110,000
Luxury Box -- Attendance: 790 (79.00%) -- Ticket Income $154,050
Game was played at the Verizon Center.
Total Attendance: 19790 (98.95%)
Total Ticket Income: $1,208,050
Other Income: $422,818
Total Income: $1,630,868
Nashville Predators
5 vs 5 Forward
Center Left Wing Right Wing Time % Phy DF OF
1 Sidney Crosby Alexander Wennberg Ryan Hartman 37 0 2 3
2 Christian Dvorak Pius Suter Jake Neighbours 33 0 2 3
3 Thomas Novak Anthony Duclair James van Riemsdyk 25 0 2 3
4 Dmitri Voronkov Kailer Yamamoto Kirby Dach 5 0 3 2
5 vs 5 Defense
Defense Defense Time % Phy DF OF
1 Artem Zub Brandon Montour 40 1 2 2
2 Simon Benoit Dante Fabbro 36 1 4 0
3 Ben Chiarot Rasmus Andersson 24 0 5 0
4 Artem Zub Ben Chiarot 0 1 3 1
PowerPlay Forward
Center Left Wing Right Wing Time % Phy DF OF
1 Sidney Crosby Pius Suter Jake Neighbours 50 1 1 3
2 Alexander Wennberg Anthony Duclair Dmitri Voronkov 50 1 1 3
PowerPlay Defense
Defense Defense Time % Phy DF OF
1 Brandon Montour Rasmus Andersson 50 1 1 3
2 Artem Zub Dante Fabbro 50 2 2 1
Penalty Kill 4 Players Forward
Center Wing Time % Phy DF OF
1 Sidney Crosby Alexander Wennberg 65 1 2 2
2 Christian Dvorak Pius Suter 35 1 2 2
Penalty Kill 4 Players Defense
Defense Defense Time % Phy DF OF
1 Artem Zub Simon Benoit 60 2 3 0
2 Dante Fabbro Rasmus Andersson 40 1 3 1
Penalty Kill - 3 Players Forward
Forward Time % Phy DF OF
1 Sidney Crosby 50 1 2 2
2 Christian Dvorak 50 1 2 2
Penalty Kill - 3 Players Defense
Defense Defense Time % Phy DF OF
1 Artem Zub Dante Fabbro 50 1 2 2
2 Simon Benoit Rasmus Andersson 50 1 2 2
4 vs 4 Forward
Center Wing Time % Phy DF OF
1 Sidney Crosby Alexander Wennberg 50 1 2 2
2 Christian Dvorak Pius Suter 50 1 2 2
4 vs 4 Defense
Defense Defense Time % Phy DF OF
1 Brandon Montour Simon Benoit 60 2 2 1
2 Rasmus Andersson Artem Zub 40 2 2 1
Last Minutes Offensive
Center Left Wing Right Wing Defense Defense
Sidney Crosby Pius Suter Dmitri Voronkov Rasmus Andersson Brandon Montour
Last Minutes Defensive
Center Left Wing Right Wing Defense Defense
Sidney Crosby Alexander Wennberg Pius Suter Artem Zub Simon Benoit
Goaltenders
Starting : Thatcher Demko
Backup : Anthony Stolarz
Extra Forwards
Normal : Sidney Crosby, Alexander Wennberg, Pius Suter - PP : Jake Neighbours, Thomas Novak - PK : James van Riemsdyk
Extra Defensemen
Normal : Rasmus Andersson, Brandon Montour, Dante Fabbro - PP : Rasmus Andersson - PK : Ben Chiarot, Artem Zub
Penalty Shots
James van Riemsdyk, Sidney Crosby, Thomas Novak, Ryan Hartman, Alexander Wennberg
Scratches
Victor Olofsson (Healthy), Marc-Andre Fleury (Healthy), Mads Sogaard (Healthy), Samuel Ersson (Healthy)
Washington Capitals
5 vs 5 Forward
Center Left Wing Right Wing Time % Phy DF OF
1 Nico Hischier Alex Ovechkin Jason Robertson 30 1 2 2
2 Mikael Backlund Brad Marchand Drake Batherson 30 1 2 2
3 Nick Foligno Owen Tippett Jordan Kyrou 25 1 2 2
4 Michael McLeod Yegor Chinakhov Fabian Zetterlund 15 1 2 2
5 vs 5 Defense
Defense Defense Time % Phy DF OF
1 John Carlson Jamie Oleksiak 30 1 2 2
2 Thomas Harley Derek Forbort 30 1 2 2
3 Ian Cole Nick Jensen 25 1 2 2
4 Thomas Harley Jamie Oleksiak 15 1 2 2
PowerPlay Forward
Center Left Wing Right Wing Time % Phy DF OF
1 Nico Hischier Alex Ovechkin Jason Robertson 50 1 2 2
2 Jordan Kyrou Brad Marchand Drake Batherson 50 1 2 2
PowerPlay Defense
Defense Defense Time % Phy DF OF
1 John Carlson Nick Jensen 50 1 2 2
2 Thomas Harley Jamie Oleksiak 50 1 2 2
Penalty Kill 4 Players Forward
Center Wing Time % Phy DF OF
1 Mikael Backlund Jason Robertson 50 1 2 2
2 Michael McLeod Nick Foligno 50 1 2 2
Penalty Kill 4 Players Defense
Defense Defense Time % Phy DF OF
1 Derek Forbort Jamie Oleksiak 50 1 2 2
2 Nick Jensen Ian Cole 50 1 2 2
Penalty Kill - 3 Players Forward
Forward Time % Phy DF OF
1 Mikael Backlund 50 1 2 2
2 Michael McLeod 50 1 2 2
Penalty Kill - 3 Players Defense
Defense Defense Time % Phy DF OF
1 Derek Forbort Jamie Oleksiak 50 1 2 2
2 Nick Jensen Ian Cole 50 1 2 2
4 vs 4 Forward
Center Wing Time % Phy DF OF
1 Nico Hischier Alex Ovechkin 50 1 2 2
2 Jordan Kyrou Jason Robertson 50 1 2 2
4 vs 4 Defense
Defense Defense Time % Phy DF OF
1 John Carlson Nick Jensen 50 1 2 2
2 Thomas Harley Jamie Oleksiak 50 1 2 2
Last Minutes Offensive
Center Left Wing Right Wing Defense Defense
Nico Hischier Alex Ovechkin Jason Robertson John Carlson Thomas Harley
Last Minutes Defensive
Center Left Wing Right Wing Defense Defense
Mikael Backlund Brad Marchand Nick Foligno Derek Forbort Jamie Oleksiak
Goaltenders
Starting : Jake Oettinger
Backup : Sergei Bobrovsky
Extra Forwards
Normal : Jordan Kyrou, Nick Foligno, Owen Tippett - PP : Drake Batherson, Owen Tippett - PK : Jordan Kyrou
Extra Defensemen
Normal : Derek Forbort, Nick Jensen, Thomas Harley - PP : Derek Forbort - PK : Nick Jensen, Thomas Harley
Penalty Shots
Jason Robertson, Drake Batherson, Yegor Chinakhov, John Carlson, Jordan Kyrou
Scratches
Stefan Noesen (Healthy)
% Time on Ice - Nashville Predators
Lines # - Real PCT - Wanted PCT - Time Play
Normal Forward
1 - 33% - 37% - 13:24
2 - 28% - 33% - 11:13
3 - 24% - 25% - 9:47
4 - 15% - 5% - 6:06
Normal Defense
1 - 42% - 40% - 16:52
2 - 36% - 36% - 14:37
3 - 21% - 24% - 8:37
4 - 1% - 0% - 0:24
PP Forward
1 - 48% - 50% - 6:17
2 - 52% - 50% - 6:51
PP Defense
1 - 43% - 50% - 5:36
2 - 57% - 50% - 7:32
PK Forward
1 - 81% - 65% - 5:08
2 - 19% - 35% - 1:14
PK Defense
1 - 61% - 60% - 3:54
2 - 39% - 40% - 2:28
PK3 Forward
1 - 0% - 50%
2 - 0% - 50%
PK3 Defense
1 - 0% - 50%
2 - 0% - 50%
44 Forward
1 - 0% - 50%
2 - 0% - 50%
44 Defense
1 - 0% - 60%
2 - 0% - 40%
Last Minute Offensive - 0:00
Last Minute Defensive - 0:00
Total
Forward - 60:00
Defense - 60:00
|
% Time on Ice - Washington Capitals
Lines # - Real PCT - Wanted PCT - Time Play
Normal Forward
1 - 30% - 30% - 12:08
2 - 30% - 30% - 12:06
3 - 24% - 25% - 9:46
4 - 16% - 15% - 6:30
Normal Defense
1 - 33% - 30% - 13:14
2 - 32% - 30% - 13:02
3 - 25% - 25% - 10:16
4 - 10% - 15% - 3:58
PP Forward
1 - 46% - 50% - 2:57
2 - 54% - 50% - 3:25
PP Defense
1 - 57% - 50% - 3:38
2 - 43% - 50% - 2:44
PK Forward
1 - 50% - 50% - 6:31
2 - 50% - 50% - 6:37
PK Defense
1 - 48% - 50% - 6:20
2 - 52% - 50% - 6:48
PK3 Forward
1 - 0% - 50%
2 - 0% - 50%
PK3 Defense
1 - 0% - 50%
2 - 0% - 50%
44 Forward
1 - 0% - 50%
2 - 0% - 50%
44 Defense
1 - 0% - 50%
2 - 0% - 50%
Last Minute Offensive - 0:00
Last Minute Defensive - 0:00
Total
Forward - 60:00
Defense - 60:00
|
Play-by-Play
1st period
0:01 of 1st period - Nico Hischier wins face-off versus Sidney Crosby in neutral zone.
0:12 of 1st period - Wrist shot by Alex Ovechkin.
0:12 of 1st period - Deflect By Jason Robertson.
0:12 of 1st period - Stopped by Thatcher Demko without a rebound.
0:13 of 1st period - Drake Batherson wins face-off versus Jake Neighbours in Nashville Predators zone.
0:14 of 1st period - Snap shot by Brad Marchand.
0:14 of 1st period - Deflect By Drake Batherson.
0:14 of 1st period - Shot Misses the Net.
0:14 of 1st period - Puck is out of play.
0:15 of 1st period - Mikael Backlund wins face-off versus Christian Dvorak in Nashville Predators zone.
0:22 of 1st period - Snap shot by Drake Batherson.
0:22 of 1st period - Stopped by Thatcher Demko without a rebound.
0:23 of 1st period - Mikael Backlund wins face-off versus Christian Dvorak in Nashville Predators zone.
0:40 of 1st period - Wrist shot by Jake Neighbours.
0:40 of 1st period - Stopped by Jake Oettinger without a rebound.
0:41 of 1st period - Nick Foligno wins face-off versus Anthony Duclair in Washington Capitals zone.
0:48 of 1st period - Snap shot by Jordan Kyrou.
0:48 of 1st period - Stopped by Thatcher Demko with a rebound.
1:13 of 1st period - Ben Chiarot is hit by Fabian Zetterlund and loses puck.
1:36 of 1st period - Snap shot by Ryan Hartman.
1:36 of 1st period - Deflect By Sidney Crosby.
1:36 of 1st period - Shot Misses the Net.
1:36 of 1st period - Puck is out of play.
1:37 of 1st period - Nick Foligno wins face-off versus Alexander Wennberg in Washington Capitals zone.
1:54 of 1st period - Snap shot by Owen Tippett.
1:54 of 1st period - Shot Misses the Net.
2:16 of 1st period - Wrist shot by Jake Neighbours.
2:16 of 1st period - Stopped by Jake Oettinger with a rebound.
3:05 of 1st period - Minor Penalty to Simon Benoit for Hooking.
3:06 of 1st period - Nico Hischier wins face-off versus Alexander Wennberg in Nashville Predators zone.
3:07 of 1st period - Wrist shot by Alex Ovechkin.
3:07 of 1st period - Stopped by Thatcher Demko with a rebound.
3:09 of 1st period - Backhand shot by Thomas Harley.
3:09 of 1st period - Shot Misses the Net.
3:11 of 1st period - Slapshot by Thomas Harley.
3:11 of 1st period - Stopped by Thatcher Demko without a rebound.
3:12 of 1st period - Sidney Crosby wins face-off versus Nico Hischier in Nashville Predators zone.
3:29 of 1st period - Dante Fabbro is hit by Jamie Oleksiak and loses puck.
3:40 of 1st period - Slapshot by Nico Hischier.
3:40 of 1st period - Shot Blocked by Alexander Wennberg.
3:42 of 1st period - Snap shot by Nico Hischier.
3:42 of 1st period - Stopped by Thatcher Demko with a rebound.
3:44 of 1st period - Snap shot by Nico Hischier.
3:44 of 1st period - Shot Blocked by Dante Fabbro.
3:46 of 1st period - Slapshot by Jamie Oleksiak.
3:46 of 1st period - Shot Blocked by Dante Fabbro.
3:48 of 1st period - Snap shot by Nico Hischier.
3:48 of 1st period - Shot Misses the Net.
4:02 of 1st period - Wrist shot by Alex Ovechkin.
4:02 of 1st period - Shot Misses the Net.
4:04 of 1st period - Snap shot by Jason Robertson.
4:04 of 1st period - Stopped by Thatcher Demko with a rebound.
4:06 of 1st period - Slapshot by Jamie Oleksiak.
4:06 of 1st period - Stopped by Thatcher Demko with a rebound.
4:08 of 1st period - Slapshot by Thomas Harley.
4:08 of 1st period - Shot Misses the Net.
4:10 of 1st period - Slapshot by Alex Ovechkin.
4:10 of 1st period - Stopped by Thatcher Demko without a rebound.
4:11 of 1st period - Jordan Kyrou wins face-off versus Christian Dvorak in Nashville Predators zone.
4:38 of 1st period - Nick Jensen is hit by Ben Chiarot and loses puck.
4:45 of 1st period - Ben Chiarot is hit by John Carlson and loses puck.
5:00 of 1st period - Dante Fabbro is hit by Thomas Harley and loses puck.
5:05 of 1st period - Penalty to Simon Benoit is over, Simon Benoit is back on ice.
5:21 of 1st period - Brad Marchand is hit by Dante Fabbro and loses puck.
5:34 of 1st period - Thomas Novak is hit by Nick Jensen and loses puck.
5:44 of 1st period - Minor Penalty to James van Riemsdyk for Roughing.
5:45 of 1st period - Nico Hischier wins face-off versus Sidney Crosby in Nashville Predators zone.
5:53 of 1st period - Snap shot by Nico Hischier.
5:53 of 1st period - Goal by Nico Hischier - Nashville Predators : 0 - Washington Capitals : 1.
5:54 of 1st period - Sidney Crosby wins face-off versus Nico Hischier in neutral zone.
6:06 of 1st period - Slapshot by Jason Robertson.
6:06 of 1st period - Stopped by Thatcher Demko with a rebound.
6:08 of 1st period - Double Minor Penalty to Ryan Hartman for Roughing.
6:09 of 1st period - Jordan Kyrou wins face-off versus Sidney Crosby in Nashville Predators zone.
6:24 of 1st period - Wrist shot by Drake Batherson.
6:24 of 1st period - Goal by Drake Batherson - Nashville Predators : 0 - Washington Capitals : 2.
6:25 of 1st period - Sidney Crosby wins face-off versus Jordan Kyrou in neutral zone.
8:24 of 1st period - Penalty to Ryan Hartman is over, Ryan Hartman is back on ice.
8:26 of 1st period - Pius Suter is hit by Brad Marchand and loses puck.
11:01 of 1st period - Thomas Novak is hit by Nick Foligno and loses puck.
11:16 of 1st period - Wrist shot by Nico Hischier.
11:16 of 1st period - Stopped by Thatcher Demko without a rebound.
11:17 of 1st period - Nico Hischier wins face-off versus Ryan Hartman in Nashville Predators zone.
12:01 of 1st period - Wrist shot by Kirby Dach.
12:01 of 1st period - Stopped by Jake Oettinger with a rebound.
12:03 of 1st period - Wrist shot by Dmitri Voronkov.
12:03 of 1st period - Shot Misses the Net.
12:05 of 1st period - Snap shot by Dmitri Voronkov.
12:05 of 1st period - Deflect By Kailer Yamamoto.
12:05 of 1st period - Shot Misses the Net.
12:05 of 1st period - Puck is out of play.
12:06 of 1st period - Nico Hischier wins face-off versus Sidney Crosby in Washington Capitals zone.
12:15 of 1st period - Wrist shot by Sidney Crosby.
12:15 of 1st period - Shot Misses the Net.
12:17 of 1st period - Slapshot by Brandon Montour.
12:17 of 1st period - Stopped by Jake Oettinger without a rebound.
12:18 of 1st period - Nico Hischier wins face-off versus Pius Suter in Washington Capitals zone.
12:18 of 1st period - Nico Hischier is hit by Simon Benoit.
12:34 of 1st period - Wrist shot by Jake Neighbours.
12:34 of 1st period - Stopped by Jake Oettinger without a rebound.
12:35 of 1st period - Sidney Crosby wins face-off versus Mikael Backlund in Washington Capitals zone.
12:40 of 1st period - Snap shot by Sidney Crosby.
12:40 of 1st period - Stopped by Jake Oettinger without a rebound.
12:41 of 1st period - Sidney Crosby wins face-off versus Mikael Backlund in Washington Capitals zone.
12:45 of 1st period - Minor Penalty to Brad Marchand for Interference.
12:46 of 1st period - Mikael Backlund wins face-off versus Sidney Crosby in Washington Capitals zone.
13:26 of 1st period - Snap shot by Jason Robertson.
13:26 of 1st period - Shot Misses the Net.
13:45 of 1st period - Snap shot by Anthony Duclair.
13:45 of 1st period - Deflect By Alexander Wennberg.
13:45 of 1st period - Goal by Alexander Wennberg - Nashville Predators : 1 - Washington Capitals : 2.
13:46 of 1st period - Nick Foligno wins face-off versus Christian Dvorak in neutral zone.
13:49 of 1st period - Snap shot by Owen Tippett.
13:49 of 1st period - Stopped by Thatcher Demko with a rebound.
13:55 of 1st period - Snap shot by Pius Suter.
13:55 of 1st period - Shot Misses the Net.
13:57 of 1st period - Slapshot by Simon Benoit.
13:57 of 1st period - Stopped by Jake Oettinger with a rebound.
14:11 of 1st period - Alex Ovechkin is hit by Sidney Crosby and loses puck.
14:32 of 1st period - Thomas Novak is hit by Drake Batherson and loses puck.
15:01 of 1st period - Off-side.
15:02 of 1st period - Nick Foligno wins face-off versus Dmitri Voronkov in neutral zone.
15:17 of 1st period - Kirby Dach is hit by Nick Foligno and loses puck.
15:55 of 1st period - Wrist shot by Kailer Yamamoto.
15:55 of 1st period - Shot Misses the Net.
15:57 of 1st period - Snap shot by Dmitri Voronkov.
15:57 of 1st period - Deflect By Kirby Dach.
15:57 of 1st period - Shot Blocked by Thomas Harley.
15:57 of 1st period - Puck is out of play.
15:58 of 1st period - Sidney Crosby wins face-off versus Nico Hischier in Washington Capitals zone.
16:29 of 1st period - Slapshot by Pius Suter.
16:29 of 1st period - Stopped by Jake Oettinger with a rebound.
16:31 of 1st period - Slapshot by Pius Suter.
16:31 of 1st period - Goal by Pius Suter - Nashville Predators : 2 - Washington Capitals : 2.
16:32 of 1st period - Mikael Backlund wins face-off versus Sidney Crosby in neutral zone.
16:55 of 1st period - Minor Penalty to Drake Batherson for Slashing.
16:56 of 1st period - Mikael Backlund wins face-off versus Sidney Crosby in Washington Capitals zone.
17:27 of 1st period - Off-side.
17:28 of 1st period - Alexander Wennberg wins face-off versus Mikael Backlund in neutral zone.
18:55 of 1st period - Penalty to Drake Batherson is over, Drake Batherson is back on ice.
19:32 of 1st period - Artem Zub is hit by Mikael Backlund and loses puck.
19:49 of 1st period - Yegor Chinakhov is hit by Artem Zub and loses puck.
Goals for this period are 2 for Nashville Predators vs 2 for Washington Capitals.
Shots for this period are 10 for Nashville Predators vs 14 for Washington Capitals.
2nd period
0:01 of 2nd period - Nico Hischier wins face-off versus Sidney Crosby in neutral zone.
0:31 of 2nd period - Drake Batherson is hit by Jake Neighbours.
0:53 of 2nd period - Snap shot by Yegor Chinakhov.
0:53 of 2nd period - Shot Misses the Net.
1:03 of 2nd period - Wrist shot by Pius Suter.
1:03 of 2nd period - Shot Misses the Net.
1:07 of 2nd period - Snap shot by Jake Neighbours.
1:07 of 2nd period - Stopped by Jake Oettinger without a rebound.
1:08 of 2nd period - Sidney Crosby wins face-off versus Nico Hischier in Washington Capitals zone.
1:19 of 2nd period - Snap shot by Ryan Hartman.
1:19 of 2nd period - Stopped by Jake Oettinger without a rebound.
1:20 of 2nd period - Sidney Crosby wins face-off versus Nico Hischier in Washington Capitals zone.
2:16 of 2nd period - Snap shot by Yegor Chinakhov.
2:16 of 2nd period - Shot Blocked by Sidney Crosby.
4:38 of 2nd period - Slapshot by Brandon Montour.
4:38 of 2nd period - Shot Misses the Net.
4:51 of 2nd period - Icing by Brandon Montour.
4:52 of 2nd period - Christian Dvorak wins face-off versus Mikael Backlund in Nashville Predators zone.
5:28 of 2nd period - Wrist shot by Jason Robertson.
5:28 of 2nd period - Deflect By Thomas Novak.
5:28 of 2nd period - Stopped by Thatcher Demko without a rebound.
5:29 of 2nd period - Mikael Backlund wins face-off versus Christian Dvorak in Nashville Predators zone.
6:20 of 2nd period - Owen Tippett is hit by Dante Fabbro and loses puck.
6:35 of 2nd period - Simon Benoit is hit by Nick Foligno and loses puck.
8:11 of 2nd period - Off-side.
8:12 of 2nd period - Nico Hischier wins face-off versus Sidney Crosby in neutral zone.
8:19 of 2nd period - Snap shot by Alex Ovechkin.
8:19 of 2nd period - Stopped by Thatcher Demko with a rebound.
8:21 of 2nd period - Snap shot by Jason Robertson.
8:21 of 2nd period - Goal by Jason Robertson - Nashville Predators : 2 - Washington Capitals : 3.
8:22 of 2nd period - Mikael Backlund wins face-off versus Sidney Crosby in neutral zone.
8:29 of 2nd period - Snap shot by Brad Marchand.
8:29 of 2nd period - Stopped by Thatcher Demko with a rebound.
9:09 of 2nd period - Wrist shot by Yegor Chinakhov.
9:09 of 2nd period - Goal by Yegor Chinakhov - Nashville Predators : 2 - Washington Capitals : 4.
9:10 of 2nd period - Mikael Backlund wins face-off versus Sidney Crosby in neutral zone.
9:26 of 2nd period - Wrist shot by Brandon Montour.
9:26 of 2nd period - Stopped by Jake Oettinger without a rebound.
9:27 of 2nd period - Nico Hischier wins face-off versus Thomas Novak in Washington Capitals zone.
9:59 of 2nd period - Minor Penalty to Brad Marchand for High sticking.
10:00 of 2nd period - Mikael Backlund wins face-off versus Sidney Crosby in Washington Capitals zone.
10:10 of 2nd period - Snap shot by Jake Neighbours.
10:10 of 2nd period - Stopped by Jake Oettinger with a rebound.
10:12 of 2nd period - Snap shot by Sidney Crosby.
10:12 of 2nd period - Shot Misses the Net.
10:14 of 2nd period - Slapshot by Dante Fabbro.
10:14 of 2nd period - Stopped by Jake Oettinger with a rebound.
10:49 of 2nd period - Rasmus Andersson is hit by Nick Foligno and loses puck.
11:59 of 2nd period - Penalty to Brad Marchand is over, Brad Marchand is back on ice.
12:04 of 2nd period - Jordan Kyrou is hit by Artem Zub and loses puck.
12:27 of 2nd period - Jordan Kyrou is hit by Ben Chiarot and loses puck.
12:58 of 2nd period - Snap shot by Yegor Chinakhov.
12:58 of 2nd period - Stopped by Thatcher Demko without a rebound.
12:59 of 2nd period - Dmitri Voronkov wins face-off versus Michael McLeod in Nashville Predators zone.
13:16 of 2nd period - Snap shot by Nico Hischier.
13:16 of 2nd period - Shot Misses the Net.
13:32 of 2nd period - Slapshot by Anthony Duclair.
13:32 of 2nd period - Shot Misses the Net.
13:58 of 2nd period - Kirby Dach is hit by Derek Forbort and loses puck.
15:16 of 2nd period - Jamie Oleksiak is hit by Dante Fabbro and loses puck.
15:31 of 2nd period - Snap shot by Drake Batherson.
15:31 of 2nd period - Shot Misses the Net.
15:45 of 2nd period - Artem Zub is hit by Alex Ovechkin and loses puck.
16:00 of 2nd period - Minor Penalty to Nico Hischier for High sticking.
16:01 of 2nd period - Sidney Crosby wins face-off versus Michael McLeod in Washington Capitals zone.
16:04 of 2nd period - Snap shot by Sidney Crosby.
16:04 of 2nd period - Shot Misses the Net.
16:20 of 2nd period - Jake Neighbours is hit by Ian Cole and loses puck.
16:41 of 2nd period - Slapshot by Anthony Duclair.
16:41 of 2nd period - Goal by Anthony Duclair - Nashville Predators : 3 - Washington Capitals : 4.
16:42 of 2nd period - Sidney Crosby wins face-off versus Jason Robertson in neutral zone.
16:52 of 2nd period - Icing by Derek Forbort.
16:53 of 2nd period - Nico Hischier wins face-off versus Sidney Crosby in Washington Capitals zone.
17:02 of 2nd period - Off-side.
17:03 of 2nd period - Ryan Hartman wins face-off versus Nico Hischier in neutral zone.
17:15 of 2nd period - Icing by Thomas Harley.
17:16 of 2nd period - Nico Hischier wins face-off versus Sidney Crosby in Washington Capitals zone.
17:16 of 2nd period - Nico Hischier is hit by Ryan Hartman.
17:28 of 2nd period - Slapshot by Jason Robertson.
17:28 of 2nd period - Shot Misses the Net.
17:30 of 2nd period - Wrist shot by Jason Robertson.
17:30 of 2nd period - Shot Misses the Net.
17:32 of 2nd period - Backhand shot by Jamie Oleksiak.
17:32 of 2nd period - Goal by Jamie Oleksiak - Nashville Predators : 3 - Washington Capitals : 5.
17:33 of 2nd period - Mikael Backlund wins face-off versus Sidney Crosby in neutral zone.
17:48 of 2nd period - Backhand shot by Drake Batherson.
17:48 of 2nd period - Stopped by Thatcher Demko with a rebound.
17:50 of 2nd period - Snap shot by Brad Marchand.
17:50 of 2nd period - Shot Blocked by Artem Zub.
18:10 of 2nd period - Slapshot by Pius Suter.
18:10 of 2nd period - Goal by Pius Suter - Nashville Predators : 4 - Washington Capitals : 5.
18:11 of 2nd period - Drake Batherson wins face-off versus Pius Suter in neutral zone.
18:55 of 2nd period - Icing by Nico Hischier.
18:56 of 2nd period - Nick Foligno wins face-off versus Thomas Novak in Washington Capitals zone.
18:56 of 2nd period - Nick Foligno is hit by Brandon Montour.
19:12 of 2nd period - Slapshot by Jordan Kyrou.
19:12 of 2nd period - Shot Misses the Net.
19:39 of 2nd period - Slapshot by Anthony Duclair.
19:39 of 2nd period - Stopped by Jake Oettinger with a rebound.
19:54 of 2nd period - Snap shot by James van Riemsdyk.
19:54 of 2nd period - Shot Misses the Net.
19:56 of 2nd period - Snap shot by James van Riemsdyk.
19:56 of 2nd period - Stopped by Jake Oettinger with a rebound.
19:58 of 2nd period - Slapshot by Simon Benoit.
19:58 of 2nd period - Deflect By Derek Forbort.
19:58 of 2nd period - Stopped by Jake Oettinger with a rebound.
Goals for this period are 2 for Nashville Predators vs 3 for Washington Capitals.
Shots for this period are 10 for Nashville Predators vs 8 for Washington Capitals.
3rd period
0:01 of 3rd period - Mikael Backlund wins face-off versus Sidney Crosby in neutral zone.
0:14 of 3rd period - Wrist shot by Sidney Crosby.
0:14 of 3rd period - Goal by Sidney Crosby - Nashville Predators : 5 - Washington Capitals : 5.
0:15 of 3rd period - Christian Dvorak wins face-off versus Nico Hischier in neutral zone.
0:24 of 3rd period - Snap shot by Christian Dvorak.
0:24 of 3rd period - Stopped by Jake Oettinger with a rebound.
0:26 of 3rd period - Wrist shot by Jake Neighbours.
0:26 of 3rd period - Stopped by Jake Oettinger without a rebound.
0:27 of 3rd period - Sidney Crosby wins face-off versus Mikael Backlund in Washington Capitals zone.
0:30 of 3rd period - Snap shot by Alexander Wennberg.
0:30 of 3rd period - Stopped by Jake Oettinger with a rebound.
0:32 of 3rd period - Wrist shot by Ryan Hartman.
0:32 of 3rd period - Shot Misses the Net.
0:34 of 3rd period - Wrist shot by Alexander Wennberg.
0:34 of 3rd period - Stopped by Jake Oettinger with a rebound.
0:36 of 3rd period - Slapshot by Sidney Crosby.
0:36 of 3rd period - Shot Blocked by Thomas Harley.
0:38 of 3rd period - Wrist shot by Alexander Wennberg.
0:38 of 3rd period - Goal by Alexander Wennberg - Nashville Predators : 6 - Washington Capitals : 5.
0:39 of 3rd period - Nico Hischier wins face-off versus Christian Dvorak in neutral zone.
0:41 of 3rd period - Minor Penalty to John Carlson for Roughing.
0:42 of 3rd period - Mikael Backlund wins face-off versus Dmitri Voronkov in Washington Capitals zone.
0:56 of 3rd period - Snap shot by Alexander Wennberg.
0:56 of 3rd period - Stopped by Jake Oettinger with a rebound.
2:41 of 3rd period - Penalty to John Carlson is over, John Carlson is back on ice.
3:22 of 3rd period - Dante Fabbro is hit by Alex Ovechkin and loses puck.
3:37 of 3rd period - Icing by John Carlson.
3:38 of 3rd period - Mikael Backlund wins face-off versus Christian Dvorak in Washington Capitals zone.
4:27 of 3rd period - Simon Benoit is hit by Alex Ovechkin and loses puck.
4:58 of 3rd period - Minor Penalty to Ben Chiarot for Hooking.
4:59 of 3rd period - Nico Hischier wins face-off versus Sidney Crosby in Nashville Predators zone.
5:14 of 3rd period - Snap shot by Jason Robertson.
5:14 of 3rd period - Shot Blocked by Simon Benoit.
5:16 of 3rd period - Snap shot by Alex Ovechkin.
5:16 of 3rd period - Stopped by Thatcher Demko without a rebound.
5:17 of 3rd period - Sidney Crosby wins face-off versus Jordan Kyrou in Nashville Predators zone.
5:26 of 3rd period - Slapshot by Jordan Kyrou.
5:26 of 3rd period - Stopped by Thatcher Demko without a rebound.
5:27 of 3rd period - Sidney Crosby wins face-off versus Jordan Kyrou in Nashville Predators zone.
5:48 of 3rd period - Snap shot by Drake Batherson.
5:48 of 3rd period - Stopped by Thatcher Demko without a rebound.
5:49 of 3rd period - Sidney Crosby wins face-off versus Nico Hischier in Nashville Predators zone.
6:21 of 3rd period - Off-side.
6:22 of 3rd period - Brad Marchand wins face-off versus James van Riemsdyk in neutral zone.
6:25 of 3rd period - Slapshot by John Carlson.
6:25 of 3rd period - Stopped by Thatcher Demko without a rebound.
6:26 of 3rd period - Jordan Kyrou wins face-off versus James van Riemsdyk in Nashville Predators zone.
6:55 of 3rd period - Snap shot by Drake Batherson.
6:55 of 3rd period - Stopped by Thatcher Demko with a rebound.
6:58 of 3rd period - Penalty to Ben Chiarot is over, Ben Chiarot is back on ice.
7:01 of 3rd period - Snap shot by Brad Marchand.
7:01 of 3rd period - Shot Blocked by Rasmus Andersson.
7:05 of 3rd period - Snap shot by Jordan Kyrou.
7:05 of 3rd period - Stopped by Thatcher Demko without a rebound.
7:06 of 3rd period - Nico Hischier wins face-off versus Sidney Crosby in Nashville Predators zone.
7:09 of 3rd period - Snap shot by Alex Ovechkin.
7:09 of 3rd period - Shot Misses the Net.
7:38 of 3rd period - Slapshot by Yegor Chinakhov.
7:38 of 3rd period - Stopped by Thatcher Demko with a rebound.
7:40 of 3rd period - Slapshot by Jamie Oleksiak.
7:40 of 3rd period - Deflect By Dmitri Voronkov.
7:40 of 3rd period - Stopped by Thatcher Demko without a rebound.
7:41 of 3rd period - Christian Dvorak wins face-off versus Mikael Backlund in Nashville Predators zone.
7:41 of 3rd period - Christian Dvorak is hit by Mikael Backlund.
7:49 of 3rd period - Snap shot by Christian Dvorak.
7:49 of 3rd period - Stopped by Jake Oettinger without a rebound.
7:50 of 3rd period - Mikael Backlund wins face-off versus Christian Dvorak in Washington Capitals zone.
8:18 of 3rd period - Wrist shot by Christian Dvorak.
8:18 of 3rd period - Shot Misses the Net.
8:20 of 3rd period - Snap shot by Pius Suter.
8:20 of 3rd period - Stopped by Jake Oettinger without a rebound.
8:21 of 3rd period - Sidney Crosby wins face-off versus Nico Hischier in Washington Capitals zone.
8:27 of 3rd period - Minor Penalty to Ian Cole for Tripping.
8:28 of 3rd period - Alexander Wennberg wins face-off versus Mikael Backlund in Washington Capitals zone.
9:43 of 3rd period - Pius Suter is hit by Nick Foligno and loses puck.
10:04 of 3rd period - Snap shot by Sidney Crosby.
10:04 of 3rd period - Shot Misses the Net.
10:06 of 3rd period - Slapshot by Brandon Montour.
10:06 of 3rd period - Stopped by Jake Oettinger without a rebound.
10:07 of 3rd period - Michael McLeod wins face-off versus Alexander Wennberg in Washington Capitals zone.
10:27 of 3rd period - Penalty to Ian Cole is over, Ian Cole is back on ice.
11:17 of 3rd period - Icing by Nick Jensen.
11:18 of 3rd period - Christian Dvorak wins face-off versus Michael McLeod in Washington Capitals zone.
11:29 of 3rd period - Slapshot by Rasmus Andersson.
11:29 of 3rd period - Stopped by Jake Oettinger without a rebound.
11:30 of 3rd period - Nico Hischier wins face-off versus Sidney Crosby in Washington Capitals zone.
11:37 of 3rd period - Ryan Hartman is hit by Nico Hischier and loses puck.
11:45 of 3rd period - Minor Penalty to Jason Robertson for Tripping.
11:46 of 3rd period - Alexander Wennberg wins face-off versus Jordan Kyrou in Washington Capitals zone.
11:57 of 3rd period - Off-side.
11:58 of 3rd period - Michael McLeod wins face-off versus Alexander Wennberg in neutral zone.
12:23 of 3rd period - Jordan Kyrou is hit by Sidney Crosby and loses puck.
12:28 of 3rd period - Backhand shot by Sidney Crosby.
12:28 of 3rd period - Deflect By Jordan Kyrou.
12:28 of 3rd period - Shot Misses the Net.
12:28 of 3rd period - Puck is out of play.
12:29 of 3rd period - Sidney Crosby wins face-off versus Mikael Backlund in Washington Capitals zone.
13:24 of 3rd period - Snap shot by Sidney Crosby.
13:24 of 3rd period - Deflect By Mikael Backlund.
13:24 of 3rd period - Shot Misses the Net.
13:24 of 3rd period - Puck is out of play.
13:25 of 3rd period - Alexander Wennberg wins face-off versus Michael McLeod in Washington Capitals zone.
13:45 of 3rd period - Penalty to Jason Robertson is over, Jason Robertson is back on ice.
13:55 of 3rd period - Wrist shot by Nico Hischier.
13:55 of 3rd period - Stopped by Thatcher Demko without a rebound.
13:56 of 3rd period - Nico Hischier wins face-off versus Thomas Novak in Nashville Predators zone.
14:21 of 3rd period - Derek Forbort is hit by Dante Fabbro and loses puck.
14:36 of 3rd period - Slapshot by Anthony Duclair.
14:36 of 3rd period - Shot Misses the Net.
14:38 of 3rd period - Wrist shot by James van Riemsdyk.
14:38 of 3rd period - Stopped by Jake Oettinger without a rebound.
14:39 of 3rd period - Mikael Backlund wins face-off versus Sidney Crosby in Washington Capitals zone.
14:46 of 3rd period - Snap shot by Brad Marchand.
14:46 of 3rd period - Deflect By Drake Batherson.
14:46 of 3rd period - Shot Misses the Net.
14:46 of 3rd period - Puck is out of play.
14:47 of 3rd period - Mikael Backlund wins face-off versus Sidney Crosby in Nashville Predators zone.
15:02 of 3rd period - Ryan Hartman is hit by John Carlson and loses puck.
15:23 of 3rd period - Jamie Oleksiak is hit by Ryan Hartman and loses puck.
15:37 of 3rd period - Off-side.
15:38 of 3rd period - Nick Foligno wins face-off versus Thomas Novak in neutral zone.
16:03 of 3rd period - Simon Benoit is hit by Fabian Zetterlund and loses puck.
16:12 of 3rd period - Slapshot by Michael McLeod.
16:12 of 3rd period - Stopped by Thatcher Demko without a rebound.
16:13 of 3rd period - Fabian Zetterlund wins face-off versus Thomas Novak in Nashville Predators zone.
16:16 of 3rd period - Snap shot by Fabian Zetterlund.
16:16 of 3rd period - Stopped by Thatcher Demko with a rebound.
16:18 of 3rd period - Slapshot by Ian Cole.
16:18 of 3rd period - Stopped by Thatcher Demko without a rebound.
16:19 of 3rd period - Michael McLeod wins face-off versus James van Riemsdyk in Nashville Predators zone.
16:24 of 3rd period - Wrist shot by Fabian Zetterlund.
16:24 of 3rd period - Shot Blocked by Artem Zub.
16:26 of 3rd period - Slapshot by Derek Forbort.
16:26 of 3rd period - Stopped by Thatcher Demko with a rebound.
16:28 of 3rd period - Wrist shot by Yegor Chinakhov.
16:28 of 3rd period - Deflect By Michael McLeod.
16:28 of 3rd period - Shot Misses the Net.
16:28 of 3rd period - Puck is out of play.
16:29 of 3rd period - Nick Foligno wins face-off versus Thomas Novak in Nashville Predators zone.
16:34 of 3rd period - Snap shot by Owen Tippett.
16:34 of 3rd period - Stopped by Thatcher Demko without a rebound.
16:35 of 3rd period - Jordan Kyrou wins face-off versus James van Riemsdyk in Nashville Predators zone.
16:36 of 3rd period - Slapshot by Owen Tippett.
16:36 of 3rd period - Stopped by Thatcher Demko with a rebound.
16:38 of 3rd period - Slapshot by Derek Forbort.
16:38 of 3rd period - Shot Blocked by Artem Zub.
16:42 of 3rd period - Snap shot by Nick Foligno.
16:42 of 3rd period - Stopped by Thatcher Demko without a rebound.
16:43 of 3rd period - Nick Foligno wins face-off versus Thomas Novak in Nashville Predators zone.
17:16 of 3rd period - Backhand shot by Michael McLeod.
17:16 of 3rd period - Deflect By Fabian Zetterlund.
17:16 of 3rd period - Stopped by Thatcher Demko with a rebound.
17:18 of 3rd period - Wrist shot by Yegor Chinakhov.
17:18 of 3rd period - Shot Misses the Net.
17:37 of 3rd period - Icing by Rasmus Andersson.
17:38 of 3rd period - Christian Dvorak wins face-off versus Nick Foligno in Nashville Predators zone.
17:38 of 3rd period - Christian Dvorak is hit by Nick Jensen.
17:47 of 3rd period - Nick Jensen is hit by Jake Neighbours and loses puck.
18:02 of 3rd period - Jake Neighbours is hit by Fabian Zetterlund and loses puck.
18:20 of 3rd period - Minor Penalty to Alex Ovechkin for Slashing.
18:21 of 3rd period - Mikael Backlund wins face-off versus Anthony Duclair in Washington Capitals zone.
18:29 of 3rd period - Slapshot by Artem Zub.
18:29 of 3rd period - Stopped by Jake Oettinger without a rebound.
18:30 of 3rd period - Michael McLeod wins face-off versus Dmitri Voronkov in Washington Capitals zone.
18:30 of 3rd period - Michael McLeod is hit by Dmitri Voronkov.
18:56 of 3rd period - Wrist shot by Anthony Duclair.
18:56 of 3rd period - Stopped by Jake Oettinger with a rebound.
19:48 of 3rd period - Wrist shot by Alexander Wennberg.
19:48 of 3rd period - Shot Misses the Net.
19:50 of 3rd period - Wrist shot by Alexander Wennberg.
19:50 of 3rd period - Shot Blocked by Jason Robertson.
19:52 of 3rd period - Snap shot by Dmitri Voronkov.
19:52 of 3rd period - Goal by Dmitri Voronkov - Nashville Predators : 7 - Washington Capitals : 5.
19:53 of 3rd period - Nick Foligno wins face-off versus Sidney Crosby in neutral zone.
Goals for this period are 3 for Nashville Predators vs 0 for Washington Capitals.
Shots for this period are 15 for Nashville Predators vs 17 for Washington Capitals.
Back to the Top